AoeStats
← 150490644@

Arabia

507234603Analyzed
1v1 RM · 15d ago on Sep 17, 2026· 30m 43s· 2 players
Game mode
Random Map
Map size
Tiny (2 player)
Population
200
Speed
Normal
Resources
Standard
Victory
Conquest
Starting age
Dark Age
Ending age
Imperial Age
RankedLock teamsTeams togetherTeam positionsShared explorationLock speedFull tech treeHidden civsTurbo modeCheats
Victory
Defeat
🇮🇹 Franks · Italy
965
+15
🇪🇸 Franks · Spain
943
-15
d.barragans
3:29 Loom
10:00 Feudal Age
10:29 Double-Bit Axe
19:15 Gold Mining
21:31 Castle Age
21:13 Wheelbarrow
20:51 Scale Barding Armor
20:57 Forging
22:30 Husbandry
23:11 Iron Casting
22:59 Chain Barding Armor
24:24 Iron Casting
28:17 Hand Cart
28:04 Pikeman
150490644@
7:10 Loom
9:51 Feudal Age
10:43 Double-Bit Axe
19:22 Gold Mining
21:55 Castle Age
20:56 Wheelbarrow
20:47 Scale Barding Armor
21:56 Forging
21:45 Town Watch
22:36 Scale Mail Armor
22:44 Husbandry
23:07 Chain Barding Armor
23:05 Bow Saw
26:21 Iron Casting
Connection lost

Rejoining the realm…

Still unreachable

The connection could not be restored.

Session expired

The server has moved on; the page needs a fresh start.